[Event "9th Beirut Open 2017"]
[Site "Beirut"]
[Date "2017.10.01"]
[Round "3"]
[White "Abchee, Alexandre"]
[Black "Hanna, Elie"]
[Result "0-1"]
[ECO "A00"]
[WhiteElo "1292"]
[BlackElo "1778"]
[Annotator "NA"]
[PlyCount "94"]
[EventDate "2017.??.??"]
[EventCountry "LBN"]
[SourceTitle "playchess.com"]
[Source "ChessBase"]
[SourceQuality "1"]
[TimeControl "5400+30"]

1. e4 e5 2. Nf3 Nc6 3. Bb5 d6 4. O-O Nf6 5. d3 Be7 6. c3 O-O 7. h3 h6 8. Re1 a6 9. Ba4 b5 10. Bc2 Nh7 11. Nbd2 f5 12. Nf1 f4 13. d4 Bb7 14. Bb3+ Kh8 15. dxe5 Nxe5 16. Be6 Rf6 17. Bf5 g6 18. Nxe5 dxe5 19. Bg4 Bc5 20. Bf3 Rd6 21. Qc2 Ng5 22. Nh2 h5 23. Bxf4 exf4 24. e5 Rd2 25. Qxg6 Bxf2+ 26. Kf1 Bxf3 27. Nxf3 Nxf3 28. Qxh5+ Kg7 29. Qxf3 Bxe1 30. Qg4+ Kh6 31. Qe6+ Kg7 32. Qg4+ Kf7 33. Qxf4+ Ke7 34. Kxe1 Rd5 35. Qf6+ Kd7 36. e6+ Kc8 37. e7 Qe8 38. Qf8 Kd7 39. Rd1 Rxd1+ 40. Kxd1 Qxf8 41. exf8=Q Rxf8 42. Ke2 Ke6 43. Ke3 Ke5 44. Kd3 Rg8 45. g4 Rh8 46. g5 Rxh3+ 47. Kc2 Rg3 0-1

[Event "9th Beirut Open 2017"]
[Site "Beirut"]
[Date "2017.10.01"]
[Round "3"]
[White "Badieh, Mahmoud"]
[Black "Noah, A  H  Al-Ali"]
[Result "1/2-1/2"]
[ECO "A04"]
[WhiteElo "1262"]
[BlackElo "2299"]
[Annotator "NA"]
[PlyCount "120"]
[EventDate "2017.??.??"]
[EventCountry "LBN"]
[SourceTitle "playchess.com"]
[Source "ChessBase"]
[SourceQuality "1"]
[TimeControl "5400+30"]

1. Nf3 Nc6 2. b3 e5 3. Bb2 d6 4. e3 g6 5. c4 Nf6 6. d4 e4 7. Nfd2 Be7 8. Nc3 Bf5 9. a3 O-O 10. Qc2 Qd7 11. Ndxe4 Nxe4 12. Nxe4 d5 13. cxd5 Qxd5 14. Bd3 h6 15. O-O Rfe8 16. Ng3 Bxd3 17. Qxd3 Bf6 18. Qc4 Rad8 19. Qxd5 Rxd5 20. Rfd1 Rdd8 21. Ne2 Ne7 22. e4 g5 23. e5 Bg7 24. Ng3 c6 25. Ne4 Nd5 26. Nd6 Re7 27. Rac1 f6 28. exf6 Bxf6 29. Nf5 Rh7 30. Re1 Nf4 31. Rcd1 Rd5 32. Ne3 Rb5 33. b4 a5 34. Bc3 b6 35. Ng4 Be7 36. g3 Nd5 37. Bb2 axb4 38. axb4 Rxb4 39. Ba1 c5 40. Ne3 Nxe3 41. fxe3 Bf6 42. dxc5 Bxa1 43. Rxa1 bxc5 44. Ra8+ Kf7 45. Rc8 Rc4 46. Rc6 h5 47. Rf1+ Ke8 48. Rf5 Rc1+ 49. Kg2 Rc2+ 50. Kf1 Rf7 51. Rxf7 Kxf7 52. Ke1 Rxh2 53. Rxc5 Kf6 54. e4 Rg2 55. Rf5+ Kg6 56. Rf3 g4 57. Rd3 Kf6 58. Rd5 Rxg3 59. Rxh5 Re3+ 60. Kf2 Rxe4 1/2-1/2